 Dungeon Crawl Stone Soup version 0.23.2-40-g277498a001 (webtiles) character file.

Game seed: 15312053106486892460

153 Fanfaron the Skirmisher (level 5, -4/34 HPs)
             Began as a Gargoyle Fighter on Aug 20, 2019.
             Was an Initiate of Okawaru.
             Killed from afar by Sigmund (5 damage)
             ... with a puff of flame
             ... on level 3 of the Dungeon.
             The game lasted 00:05:04 (1814 turns).

Fanfaron the Skirmisher (Gargoyle Fighter)          Turns: 1814, Time: 00:05:04

Health: -4/34      AC: 10    Str: 20    XL:     5   Next: 35%
Magic:  5/5        EV:  7    Int:  9    God:    Okawaru [......]
Gold:   164        SH:  0    Dex:  9    Spells: 4/4 levels left

rFire    . . .     SeeInvis .   a - +0 flail
rCold    . . .     Gourm    .   c - +0 shield
rNeg     + . .     Faith    .   b - +0 scale mail
rPois    ∞         Spirit   .   (no helmet)
rElec    +         Reflect  .   (no cloak)
rCorr    .         Harm     .   (no gloves)
MR       .....                  (no boots)
Stlth    ..........             (no amulet)
HPRegen  0.11/turn              j - ring of flight
MPRegen  0.09/turn              (no ring)

@: confused
A: negative energy resistance 1, electricity resistance, unbreathing,
petrification resistance, rot immunity, AC +4
a: Renounce Religion, Evoke Flight


You were on level 3 of the Dungeon.
You worshipped Okawaru.
Okawaru was noncommittal.
You were not hungry.

You visited 1 branch of the dungeon, and saw 3 of its levels.

You collected 164 gold pieces.

Inventory:

Hand Weapons
 a - a +0 flail (weapon)
Armour
 b - a +0 scale mail (worn)
 c - a +0 shield (worn)
Jewellery
 j - a ring of flight (left hand)
Scrolls
 h - a scroll of teleportation {unknown}
 i - 3 scrolls of identify {unknown}
 n - a scroll of enchant weapon {unknown}
 p - 2 scrolls of blinking {unknown}
Potions
 d - 2 potions of might
 e - a potion of flight {unknown}
 k - a potion of lignification {unknown}
 l - a potion of curing {unknown}
 m - 2 potions of berserk rage {unknown}
 o - 2 potions of brilliance {unknown}
Comestibles
 f - 3 rations
 g - 4 chunks of flesh


   Skills:
 + Level 4.5 Fighting
 * Level 4.5 Maces & Flails
 + Level 3.2 Armour
 + Level 0.0 Dodging
 + Level 3.3 Shields
 + Level 0.0 Invocations
 + Level 0.0 Evocations


You had 4 spell levels left.
You didn't know any spells.
Your spell library contained the following spells:

 Spells                   Type           Power        Failure   Level  Hunger
 Animate Skeleton         Necr           N/A          99%         1    ##.....
 Apportation              Tloc           #.....       99%         1    ##.....
 Confusing Touch          Hex            #.....       99%         1    ##.....
 Summon Small Mammal      Summ           #...         99%         1    ##.....


Dungeon Overview and Level Annotations

Branches:
Dungeon (3/15)

Altars:
Fedhas
Okawaru
Ru
Trog
Zin
The Shining One

Annotations:
D:3 Sigmund


Innate Abilities, Weirdness & Mutations

You are resistant to torment.
Your stone body is resilient. (AC +4)
You are immune to poison.
You resist negative energy. (rN+)
You are resistant to electric shocks. (rElec)
You can survive without breathing.
You are immune to petrification.
You are immune to rotting.


Message History

You bump into the rock wall.
Something hits you.
* * * LOW HITPOINT WARNING * * *
You bump into the rock wall.
You feel less confused.
You hit something. Something hits you.
* * * LOW HITPOINT WARNING * * *
You closely miss something. Something hits you but does no damage.
You closely miss something.
You hear some strange, mumbled words.
You are confused.
You bump into the rock wall.
You hear some strange, mumbled words.
A magic dart appears from out of thin air!
The magic dart hits you.
* * * LOW HITPOINT WARNING * * *
You're too confused to move!
You hear some strange, mumbled words.
A puff of flame appears from out of thin air!
The puff of flame hits you.
You die...

.. #.#
. #..
#.. #..
#..
#..##
#.{.##
## #@.#
#. ##.#
####.
#.#
.()..
#.##
.....
#..###
#
##...#
##
###.###
#.
#...#
##.
###.#
#..


There were no monsters in sight!

Vanquished Creatures
  An ogre (D:2)
  4 worms (D:2)
  2 dart slugs (D:1)
  A ball python (D:3)
  2 giant cockroaches
  3 goblins
  12 hobgoblins
  2 jackals (D:2)
  6 kobolds
  3 bats
  A frilled lizard (D:2)
  8 rats
45 creatures vanquished.

Notes
Turn   | Place    | Note
-------+----------+-------------------------------------------
     0 | D:1      | Fanfaron the Gargoyle Fighter began the quest for the Orb.
     0 | D:1      | Reached XP level 1. HP: 14/14 MP: 1/1
   147 | D:1      | Reached XP level 2. HP: 19/19 MP: 2/2
   590 | D:1      | Found a glowing golden altar of the Shining One.
   639 | D:2      | Reached XP level 3. HP: 24/24 MP: 3/3
  1012 | D:2      | Found a blossoming altar of Fedhas.
  1014 | D:2      | Found a glowing silver altar of Zin.
  1014 | D:2      | Found a sacrificial altar of Ru.
  1502 | D:2      | Found a bloodstained altar of Trog.
  1509 | D:2      | Found an iron altar of Okawaru.
  1515 | D:2      | Became a worshipper of Warmaster Okawaru
  1572 | D:3      | Noticed an ogre
  1600 | D:2      | Killed an ogre
  1600 | D:2      | Reached * piety under Okawaru
  1600 | D:2      | Reached XP level 4. HP: 23/30 MP: 4/4
  1600 | D:2      | Reached XP level 5. HP: 27/34 MP: 5/5
  1783 | D:3      | Noticed Sigmund
  1813 | D:3      | HP: 1/34 [something/magic dart (3)]
  1814 | D:3      | Killed from afar by Sigmund

Skill      XL: |  1  2  3 |
---------------+----------+-----
Maces & Flails | 3 4 |  4.5
Fighting       | 4 |  4.5
Armour         | |  3.2
Shields        | |  3.3

Action                   |  1- 3 |  4- 6 || total
-------------------------+-------+-------++-------
Melee: Flail             |   164 |    44 ||   208
Invok: Heroism           |       |     1 ||     1
  Eat: Chunk             |     2 |     1 ||     3
Armor: Scale mail        |    85 |    16 ||   101
Dodge: Dodged            |    57 |    10 ||    67
Block: Shield            |    63 |    20 ||    83
